 Dungeon Sprint DCSS version 0.19-a0-1932-g59670f6 (webtiles) character file.

13071 poirepourri the Imperceptible (level 11, -11/50 HPs)
             Began as a Spriggan Enchanter on Oct 25, 2016.
             Was the Champion of Dithmenos.
             Killed from afar by a deep elf annihilator (56 damage)
             ... with a poison arrow
             ... in the Dungeon (Sprint III: "The Ten Rune Challenge").
             The game lasted 00:10:16 (3457 turns).

poirepourri the Imperceptible (Spriggan Enchanter)  Turns: 3457, Time: 00:10:17

Health: -11/50     AC:  5    Str:  4    XL:     11   Next: 70%
Magic:  23/32      EV: 28    Int: 17    God:    Dithmenos [******]
Gold:   4708       SH:  0    Dex: 20    Spells: 5 memorised, 30 levels left

rFire  . . .     SeeInvis +     d - +2 dagger (venom)
rCold  . . .     Gourm    .     b - +1 robe
rNeg   . . .     Faith    .     (shield restricted)
rPois  .         Spirit   .     (helmet restricted)
rElec  .         Reflect  .     k - +1 cloak {MR+}
rCorr  .         Harm     .     (gloves unavailable)
MR     ++...     NoTele   +     (boots unavailable)
Stlth  ++++++++++               (no amulet)
                                (no ring)
                                (no ring)

@: lethally poisoned (-11 -> -27), wreathed by umbra, very quick
A: unfitting armour, see invisible, herbivore 3, speed 3, slow metabolism 2
a: Shadow Step, Shadow Form, Renounce Religion


You were in the Dungeon.
You worshipped Dithmenos.
Dithmenos was exalted by your worship.
You were full.

You visited 1 branch You collected 4708 gold pieces.

Inventory:

Hand Weapons
 d - a +2 dagger of venom (weapon)
Armour
 b - a +1 robe (worn)
 k - a +1 cloak of magic resistance (worn)
Potions
 a - a potion of heal wounds
 g - a potion of haste
 i - 2 potions of mutation
 l - a potion of berserk rage
 o - 2 potions of cure mutation
 p - 3 potions of flight
 q - a potion of might
 r - a potion of lignification {unknown}
Books
 c - a book of Maledictions

   Spells                             Type                      Level
   a - Corona                         Hexes                        1
   b - Ensorcelled Hibernation        Hexes/Ice                    2
   c - Confuse                        Hexes                        3
   d - Tukima's Dance                 Hexes                        3
   e - Dazzling Spray                 Conjuration/Hexes            3
 h - a book of Minor Magic

   Spells                             Type                      Level
   a - Magic Dart                     Conjuration                  1
   b - Blink                          Translocation                2
   c - Call Imp                       Summoning                    2
   d - Repel Missiles                 Charms/Air                   2
   e - Slow                           Hexes                        2
   f - Conjure Flame                  Conjuration/Fire             3
   g - Mephitic Cloud                 Conjuration/Poison/Air       3
Comestibles
 n - 30 royal jellies


   Skills:
 + Level 2.1 Fighting
 + Level 6.0 Short Blades
 + Level 11.0 Dodging
 + Level 22.8 Stealth
 + Level 16.3 Spellcasting
 + Level 4.1 Conjurations
 + Level 16.1 Hexes
 + Level 8.8 Ice Magic
 + Level 1.1 Invocations


You had 30 spell levels left.
You knew the following spells:

 Your Spells              Type           Power        Failure   Level  Hunger
a - Corona                Hex            ######.      0%          1    None
b - Ensorcelled Hibernat  Hex/Ice        ######       1%          2    None
c - Confuse               Hex            ######..     1%          3    None
d - Tukima's Dance        Hex            ######..     1%          3    None
e - Dazzling Spray        Conj/Hex       #####.       1%          3    None


Dungeon Overview and Level Annotations

Branches:
Dungeon (1/1)

Altars:
Cheibriados
Dithmenos
Elyvilon
Fedhas
Gozag
Hepliaklqana
Kikubaaqudgha
Makhleb
Nemelex Xobeh
Okawaru
Qazlal
Ru
Sif Muna
Trog
Uskayaw
Vehumet
Xom
Yredelemnul
Zin
The Shining One
Beogh
Jiyva
Lugonu

Shops:
D (


Innate Abilities, Weirdness & Mutations

You are very small and have problems with some larger weapons.
You are too small for most types of armour.
You have supernaturally acute eyesight. (SInv)
You are a herbivore.
You cover ground extremely quickly.
You need consume almost no food.


Message History

Aiming: Dazzling Spray
Press: ? - help, Shift-Dir - straight line, f - deep elf mage
Aim: a deep elf mage, wearing a glowing robe (hasn't noticed you, umbra)
The spray of energy hits the deep elf mage.
The deep elf mage is moderately wounded.
The deep elf mage shouts!
Your shadow mimicks your spell!
The shadow shard hits the deep elf mage.
The deep elf annihilator shouts!
Casting: Dazzling Spray
Confirm with . or Enter, or press ? or * to list all spells.
Aiming: Dazzling Spray
Press: ? - help, Shift-Dir - straight line, f/p - deep elf mage
Aim: a deep elf mage, wearing a glowing robe (severely wounded, umbra)
The spray of energy misses the deep elf mage.
The deep elf annihilator casts a spell at you.
The poison arrow hits you!
You are poisoned.
Ouch! That really hurt!
You die...

▓▓▓ # #.############ ###
#####..∩...'(#...# ...'
#.).......##.#...##≈≈≈≈#
#.........##.#..@≈≈≈..e.
#.........##)#)..##≈≈≈≈#
#...#####.##.[...# e.' #.##..#
##.####### #
#'###########################
#)...#.#.#)..).#((....'...≈≈#
##)#..#.##.###.#...(.(#†..≈≈###
)##)#.#.##.#).##.(....#...≈≈≈≈#
#.[.#..#..##.)'.......#...≈≈≈≈#


You could see a deep elf annihilator and a deep elf mage.

Vanquished Creatures
  Sigmund (D)
  Erolcha (D)
  An orc high priest (D)
  A deep elf knight (D)
  An orc knight (D)
  2 orc sorcerers (D)
  5 deep elf magi (D)
  Edmund (D)
  A queen bee (D)
  3 wandering mushrooms (D)
  A shadow (D)
  2 redbacks (D)
  2 hill giants (D)
  A spatial vortex (D)
  4 orc warriors (D)
  A necrophage (D)
  3 two-headed ogres (D)
  A water elemental (D)
  32 killer bees (D)
  6 orc priests (D)
  A jelly (D)
  Crazy Yiuf (D)
  An orc wizard (D)
  A wizard (D)
  Jessica (D)
  A necromancer (D)
  3 humans (D)
  A kobold demonologist (D)
  2 oozes (D)
  7 orcs (D)
  A plant (D)
90 creatures vanquished.

Vanquished Creatures (others)
  2 draconian scorchers (D)
  Nessos (D)
  A hydra (D)
  6 hellions (D)
  3 yaktaurs (D)
  4 plants (D)
17 creatures vanquished.

Grand Total: 107 creatures vanquished

Notes
Turn   | Place    | Note
-------+----------+-------------------------------------------
     0 | D        | poirepourri the Spriggan Enchanter began the quest for the Orb.
     0 | D        | Reached XP level 1. HP: 9/9 MP: 5/5
     9 | D        | Reached skill level 5 in Stealth
    11 | D        | Reached XP level 2. HP: 13/13 MP: 7/7
    15 | D        | Learned a level 2 spell: Ensorcelled Hibernation
    24 | D        | Noticed Jessica
    29 | D        | Killed Jessica
    29 | D        | Reached skill level 7 in Stealth
    29 | D        | Reached XP level 3. HP: 16/16 MP: 6/9
    40 | D        | Learned a level 3 spell: Confuse
    44 | D        | Learned a level 3 spell: Tukima's Dance
    80 | D        | Noticed Crazy Yiuf
    83 | D        | Killed Crazy Yiuf
    83 | D        | Reached skill level 8 in Stealth
    93 | D        | Reached XP level 4. HP: 13/21 MP: 2/11
   113 | D        | Killed a hellion
   121 | D        | Learned a level 3 spell: Dazzling Spray
   125 | D        | Killed a hellion
   146 | D        | Killed a yaktaur
   166 | D        | Killed a hellion
   182 | D        | Killed a hellion
   185 | D        | Killed a hellion
   186 | D        | Killed a white draconian scorcher
   298 | D        | Killed a five-headed hydra
   353 | D        | Noticed a water elemental
   392 | D        | Killed a water elemental
   392 | D        | Reached skill level 5 in Dodging
   392 | D        | Reached skill level 10 in Stealth
   392 | D        | Reached skill level 5 in Spellcasting
   392 | D        | Reached skill level 1 in Ice Magic
   392 | D        | Reached XP level 5. HP: 24/24 MP: 0/13
   398 | D        | Killed a hellion
   466 | D        | Killed a white draconian scorcher
   509 | D        | Found a radiant altar of Vehumet.
   509 | D        | Found a deep blue altar of Sif Muna.
   509 | D        | Found an ancient bone altar of Kikubaaqudgha.
   521 | D        | Noticed an ice devil
   590 | D        | Killed a yaktaur
   610 | D        | Found a glowing silver altar of Zin.
   610 | D        | Found a glowing golden altar of the Shining One.
   610 | D        | Found a white marble altar of Elyvilon.
   611 | D        | Noticed a deep elf mage
   613 | D        | Killed a deep elf mage
   613 | D        | Reached skill level 13 in Stealth
   613 | D        | Reached skill level 1 in Conjurations
   613 | D        | Reached skill level 10 in Hexes
   613 | D        | Reached XP level 6. HP: 29/29 MP: 14/18
   613 | D        | Reached XP level 7. HP: 32/32 MP: 15/20
   644 | D        | Found a basalt altar of Yredelemnul.
   644 | D        | Found a shadowy altar of Dithmenos.
   644 | D        | Found a sacrificial altar of Ru.
   647 | D        | Reached skill level 14 in Stealth
   653 | D        | Became a worshipper of Dithmenos the Shadowed
   661 | D        | Found a hide-covered altar of Uskayaw.
   661 | D        | Found a roughly hewn altar of Beogh.
   661 | D        | Found an iron altar of Okawaru.
   661 | D        | Found a bloodstained altar of Trog.
   661 | D        | Noticed a human
   662 | D        | Noticed a human
   664 | D        | Killed a human
   665 | D        | Killed a human
   665 | D        | Reached skill level 15 in Stealth
   681 | D        | Noticed a shadow
   683 | D        | Killed a shadow
   683 | D        | Reached * piety under Dithmenos
   683 | D        | Reached skill level 10 in Spellcasting
   683 | D        | Reached XP level 8. HP: 37/37 MP: 23/23
   711 | D        | Found a blossoming altar of Fedhas.
   711 | D        | Found a stormy altar of Qazlal.
   711 | D        | Found a snail-covered altar of Cheibriados.
   711 | D        | Found a burning altar of Makhleb.
   711 | D        | Found a shimmering altar of Xom.
   712 | D        | Found a hazy altar of Hepliaklqana.
   712 | D        | Found an opulent altar of Gozag.
   712 | D        | Found a sparkling altar of Nemelex Xobeh.
   712 | D        | Found a corrupted altar of Lugonu.
   712 | D        | Found a viscous altar of Jiyva.
   879 | D        | Reached ** piety under Dithmenos
   921 | D        | Reached skill level 16 in Stealth
  1068 | D        | Noticed Erolcha
  1070 | D        | Killed Erolcha
  1070 | D        | Reached *** piety under Dithmenos
  1070 | D        | Reached skill level 5 in Ice Magic
  1070 | D        | Reached XP level 9. HP: 40/40 MP: 23/25
  1079 | D        | Reached skill level 17 in Stealth
  1088 | D        | Noticed a queen bee
  1090 | D        | Reached **** piety under Dithmenos
  1122 | D        | Reached ***** piety under Dithmenos
  1144 | D        | Killed a queen bee
  1170 | D        | Reached skill level 18 in Stealth
  1299 | D        | Reached ****** piety under Dithmenos
  1492 | D        | Reached skill level 5 in Short Blades
  1541 | D        | Reached XP level 10. HP: 43/44 MP: 20/28
  1800 | D        | Noticed Sigmund
  1800 | D        | Noticed Edmund
  1813 | D        | Killed Nessos
  2131 | D        | Killed Edmund
  2367 | D        | Killed Sigmund
  2367 | D        | Reached skill level 1 in Fighting
  2367 | D        | Reached skill level 10 in Dodging
  2367 | D        | Reached skill level 20 in Stealth
  2367 | D        | Reached skill level 15 in Spellcasting
  2367 | D        | Reached XP level 11. HP: 50/50 MP: 24/31
  2403 | D        | Reached skill level 15 in Hexes
  2740 | D        | Noticed a yaktaur captain
  2740 | D        | Noticed a yaktaur captain
  2740 | D        | Noticed a yaktaur captain
  2780 | D        | Found Meiddumpuf's Weapon Emporium.
  2780 | D        | Noticed an orc high priest
  2780 | D        | Noticed an orc sorcerer
  2780 | D        | Noticed an orc knight
  2780 | D        | Noticed an orc sorcerer
  2825 | D        | Killed an orc knight
  2831 | D        | Killed an orc sorcerer
  2831 | D        | Reached skill level 21 in Stealth
  2836 | D        | Reached skill level 1 in Invocations
  2839 | D        | Killed an orc sorcerer
  2847 | D        | Killed an orc high priest
  3035 | D        | Noticed a deep elf mage
  3035 | D        | Noticed a deep elf mage
  3035 | D        | Noticed a deep elf mage
  3035 | D        | Noticed a deep elf mage
  3035 | D        | Noticed a deep elf knight
  3140 | D        | Killed a deep elf mage
  3140 | D        | Reached skill level 22 in Stealth
  3142 | D        | Killed a deep elf mage
  3145 | D        | Noticed a deep elf annihilator
  3156 | D        | Killed a deep elf knight
  3242 | D        | Killed a deep elf mage
  3270 | D        | Killed a deep elf mage
  3454 | D        | Noticed a deep elf death mage
  3456 | D        | Noticed a deep elf annihilator
  3456 | D        | Noticed a deep elf mage
  3457 | D        | Killed from afar by a deep elf annihilator

Vault maps used:
D:        dungeon_sprint_mu

Skill      XL: |  1  2  3  4  5  6  7  8  9 10 11 |
---------------+----------------------------------+-----
Stealth        | 5 7 8 10 13 15 16 18 20 22 | 22.8
Spellcasting   | 3 4 5 8 10 11 13 15 16 | 16.3
Hexes          | 4 6 7 10 12 13 14 16 | 16.1
Dodging        | 4 5 7 8 9 10 11 | 11.0
Ice Magic      | 1 3 4 5 6 7 8 |  8.8
Short Blades   | 2 3 4 5 6 |  6.0
Conjurations   | 1 2 3 4 |  4.1
Fighting       | 1 2 |  2.1
Invocations    | 1 |  1.1

Action                   |  1- 3 |  4- 6 |  7- 9 | 10-12 || total
-------------------------+-------+-------+-------+-------++-------
Melee: Dagger            |     9 |     4 |    58 |   229 ||   300
 Cast: Ensorcelled Hiber |     5 |     4 |    47 |    46 ||   102
       Dazzling Spray    |       |     9 |     8 |    13 ||    30
       Confuse           |       |     3 |     5 |     5 ||    13
Invok: Shadow Step       |       |       |       |     1 ||     1
  Use: Potion            |     1 |     2 |     1 |     1 ||     5
       Scroll            |       |     4 |       |     2 ||     6
 Stab: Sleeping          |     5 |     2 |    35 |    34 ||    76
       Invisible         |       |     1 |       |     1 ||     2
       Confused          |       |       |     2 |     1 ||     3
       Held in net/web   |       |       |     1 |       ||     1
       Distracted        |       |       |       |     3 ||     3
  Eat: Bread ration      |       |       |       |     1 ||     1
Armor: Robe              |       |     2 |     7 |     3 ||    12
Dodge: Dodged            |     7 |    13 |    82 |    65 ||   167
